 Dungeon Crawl Stone Soup version 0.19-a0-1109-g16db51f (webtiles) character file.

798 dinorawrasaur the Ducker (level 7, 0/54 HPs)
             Began as a Demonspawn Gladiator on Aug 9, 2016.
             Slain by a centaur warrior skeleton (5 damage)
             ... on level 12 of the Dungeon.
             The game lasted 00:17:26 (3622 turns).

dinorawrasaur the Ducker (Demonspawn Gladiator)     Turns: 3622, Time: 00:17:27

Health: 0/54       AC: 12    Str: 18    XL:     7   Next: 58%
Magic:  7/7        EV:  9    Int: 11    God:
Gold:   170        SH:  9    Dex: 13    Spells: 0 memorised, 6 levels left

rFire  + + .     SeeInvis .     a - +0 trident
rCold  x . .     Gourm    .     j - +0 fire dragon armour
rNeg   . . .     Faith    .     m - +0 shield
rPois  .         Spirit   .     c - +0 helmet
rElec  .         Dismiss  .     r - +1 cloak
rCorr  .         Reflect  .     (no gloves)
SustAt .         Harm     .     (no boots)
MR     .....                    (no amulet)
Stlth  ..........               (no ring)
                                i - +2 ring of intelligence

@:
A: claws 1, hooves 1
a: no special abilities


You were on level 12 of the Dungeon.
You were not hungry.

You visited 1 branch of the dungeon, and saw 12 of its levels.

You collected 170 gold pieces.

Inventory:

Hand Weapons
 a - a +0 trident (weapon)
 f - a +1 war axe of flaming
 o - a cursed -1 short sword
 q - a +2 flail of crushing
Missiles
 d - a throwing net (quivered)
Armour
 b - a +0 leather armour
 c - a +0 helmet (worn)
 j - a +0 fire dragon armour (worn)
 m - a +0 shield (worn)
 r - a +1 cloak (worn)
Jewellery
 i - a +2 ring of intelligence (left claw)
 l - an uncursed ring of ice
 x - a cursed ring of loudness
Scrolls
 g - 2 scrolls of fog {unknown}
 h - 2 scrolls of remove curse {unknown}
 k - a scroll of fear {unknown}
 n - a scroll of random uselessness
 v - a scroll of amnesia {unknown}
 y - a scroll of enchant armour {unknown}
Potions
 e - a potion of haste {unknown}
 p - a potion of berserk rage {unknown}
 s - a potion of resistance {unknown}
 t - a potion of heal wounds
 u - 2 potions of lignification {unknown}
Comestibles
 w - 2 slices of pizza


   Skills:
 + Level 4.2 Fighting
 + Level 4.3 Polearms
 + Level 1.9 Throwing
 + Level 2.5 Armour
 + Level 4.8 Dodging
 + Level 0.4 Stealth
 + Level 2.9 Shields


You had 6 spell levels left.
You didn't know any spells.

Dungeon Overview and Level Annotations

Branches:
Dungeon (12/15)
 Temple: D:4-7         Lair: D:8-11         Orc: D:9-12

Altars:
Gozag
Sif Muna


Innate Abilities, Weirdness & Mutations

You have sharp fingernails.
You have large cloven feet.


Message History

The centaur warrior skeleton hits you but does no damage.
The centaur warrior skeleton closely misses you.
You hit the centaur warrior skeleton but do no damage.
You kick the centaur warrior skeleton, but do no damage.
The centaur warrior skeleton is severely damaged.
The centaur warrior skeleton hits you but does no damage.
You block the centaur warrior skeleton's attack.
You hit the centaur warrior skeleton.
You kick the centaur warrior skeleton, but do no damage.
The centaur warrior skeleton is severely damaged.
The centaur warrior skeleton hits you.
* * * LOW HITPOINT WARNING * * *
You hit the centaur warrior skeleton.
The centaur warrior skeleton is severely damaged.
You block the centaur warrior skeleton's attack. x2
You hit the centaur warrior skeleton.
You kick the centaur warrior skeleton, but do no damage.
The centaur warrior skeleton is almost destroyed.
The centaur warrior skeleton hits you.
You die...

..##
.....#####
.##...@.#
.......Z<#
#........#
####$..(.#
........#
#########


You could see a centaur warrior skeleton.

Vanquished Creatures
  A yak (D:12)
  2 ogres
  A centaur (D:7)
  A giant frog (D:8)
  A giant frog zombie (D:10)
  3 orc wizards
  2 orc priests (D:8)
  2 worker ants
  A killer bee zombie (D:6)
  The ghost of dinorawrasaur the Charmwright, a weakling DrSk (D:3)
  3 adders
  A shadow imp (D:5)
  An ooze (D:5)
  A worm (D:2)
  A dart slug (D:2)
  2 giant geckos
  8 orcs
  8 bats
  3 giant cockroaches
  3 goblins
  5 hobgoblins
  4 jackals (D:3)
  A ball python (D:2)
  2 giant newts (D:5)
  5 kobolds
  2 rats
65 creatures vanquished.

Notes
Turn   | Place    | Note
-------+----------+-------------------------------------------
     0 | D:1      | dinorawrasaur the Demonspawn Gladiator began the quest for the Orb.
     0 | D:1      | Reached XP level 1. HP: 16/16 MP: 1/1
   250 | D:1      | Gained mutation: You have sharp fingernails. [demonic ancestry]
   250 | D:1      | Reached XP level 2. HP: 22/22 MP: 2/2
   681 | D:2      | Gained mutation: You have large cloven feet. [demonic ancestry]
   681 | D:2      | Reached XP level 3. HP: 27/27 MP: 3/3
   733 | D:2      | Found a deep blue altar of Sif Muna.
   975 | D:2      | Found an opulent altar of Gozag.
  1444 | D:3      | Noticed dinorawrasaur's ghost (weakling DrSk)
  1463 | D:3      | Killed dinorawrasaur's ghost
  1463 | D:3      | Reached skill level 1 in Armour
  1463 | D:3      | Reached XP level 4. HP: 7/34 MP: 4/4
  1718 | D:4      | Noticed a phantom
  1797 | D:4      | Noticed an ogre
  1806 | D:4      | Killed an ogre
  1806 | D:4      | Reached skill level 1 in Shields
  1806 | D:4      | Reached XP level 5. HP: 22/40 MP: 5/5
  1944 | D:5      | Entered Level 5 of the Dungeon
  2220 | D:6      | Noticed an ogre
  2227 | D:6      | Killed an ogre
  2227 | D:6      | Reached XP level 6. HP: 47/47 MP: 6/6
  3270 | D:8      | Reached XP level 7. HP: 42/52 MP: 7/7
  3540 | D:10     | Entered Level 10 of the Dungeon
  3588 | D:11     | Noticed a yak
  3588 | D:11     | Noticed a yak
  3589 | D:11     | Noticed a yak
  3593 | D:11     | Noticed a yak
  3594 | D:11     | Noticed a yak
  3594 | D:11     | Noticed a yak
  3608 | D:12     | Killed a yak
  3622 | D:12     | Slain by a centaur warrior skeleton

Vault maps used:
D:1:      lightli_molten_gateway
D:2:      lemuel_round_altar, grunt_gozag_breadcrumbs,
          kennysheep_generic_room_10
D:3:      kennysheep_vampire_church, first_bread
D:4:      nicolae_tso_besieged_by_evil, lemuel_coloured_pillars_altar,
          kennysheep_cluttered_room, uniq_eustachio
D:6:      grunt_dithmenos_smoke
D:8:      wad_pebble_path, uniq_pikel
D:9:      kennysheep_mini_moat, overflow_temple_1_default, okawaru_gym_becter,
          minmay_lair_entry_lava, erik_orc_2
D:10:     nicolae_trove_entry_free_sample
D:11:     uniq_fannar

Skill      XL: |  1  2  3  4  5  6  7 |
---------------+----------------------+-----
Polearms       | 3 4 |  4.3
Dodging        | 3 4 |  4.8
Armour         | 1 2 |  2.5
Shields        | 1 2 |  2.9
Fighting       | 3 4 |  4.2
Throwing       | |  1.9
Stealth        | |  0.4

Action                   |  1- 3 |  4- 6 |  7- 9 || total
-------------------------+-------+-------+-------++-------
Melee: Trident           |   157 |   163 |    47 ||   367
       Kick              |    21 |    39 |    18 ||    78
Throw: Throwing net      |       |     1 |     1 ||     2
  Use: Scroll            |       |     5 |       ||     5
       Potion            |       |     2 |     1 ||     3
  Eat: Bread ration      |     1 |       |       ||     1
       Meat ration       |       |     1 |       ||     1
Armor: Leather armour    |    38 |       |       ||    38
       Fire dragon armou |   112 |   127 |    19 ||   258
Dodge: Dodged            |   115 |    73 |    13 ||   201
Block: Shield            |    54 |    79 |    25 ||   158
